Map: Beckett Industries LE

Players

Vindicta

  • Race: Terran Terran

Antis - Winner!

  • Race: Zerg Zerg

VOD

Have the link to the VOD?

Description

Time

  • Played on: Oct. 9, 2021, 3:35 p.m.
  • Length: 15:02
Show
View Real Time Build Order
Export as new Build Order

Vindicta Terran 

Build Orders: Reaper Expand, Hellion Banshee 

Get SALT Encoding   

  12  0:00  SCV  
  13  0:12  SCV  
  14  0:17  Supply Depot  
  14  0:25  SCV  
  15  0:38  SCV  
  15  0:39  Barracks  
  16  0:44  Refinery  
  16  0:50  SCV  
  17  1:02  SCV  
  18  1:14  SCV  
  19  1:27  Orbital Command  
  19  1:28  Reaper  
  20  1:41  Command Center  
  20  1:55  SCV  
  20  1:56  Supply Depot  
  20  2:00  Marine  
  22  2:07  SCV  
  23  2:12  Factory  
  23  2:19  SCV  
  23  2:20  Barracks Reactor  
  24  2:30  Refinery  
  24  2:31  SCV  
  25  2:43  SCV  
  26  2:54  Orbital Command  
  26  2:55  SCV  
  27  3:04  Barracks Tech Lab  
  27  3:06  Hellion x2  
  27  3:07  Starport  
  27  3:08  SCV  
  32  3:16  Supply Depot  
  32  3:19  SCV  
  33  3:20  SCV  
  34  3:29  Hellion x2  
  34  3:31  SCV  
  34  3:32  SCV  
  40  3:41  Barracks Tech Lab  
  40  3:44  SCV x2  
  42  3:50  Cloaking Field, Banshee  
  42  3:51  Hellion  
  47  3:56  Hellion, SCV  
  47  4:01  Supply Depot  
  47  4:02  Stimpack  
  50  4:04  SCV  
  50  4:08  SCV  
  52  4:12  Hellion  
  54  4:21  SCV  
  54  4:23  Hellion  
  57  4:24  Supply Depot  
  57  4:32  Banshee  
  57  4:35  SCV x2, Command Center  
  61  4:47  SCV x2  
  61  4:50  Barracks  
  61  4:52  Factory Reactor  
  63  4:54  Barracks  
  63  4:59  SCV  
  65  5:00  SCV, Engineering Bay  
  65  5:01  Engineering Bay  
  65  5:04  Supply Depot  
  65  5:12  SCV  
  65  5:13  Refinery  
  65  5:14  Refinery  
  66  5:20  SCV  
  67  5:24  SCV, Starport Reactor  
  67  5:26  Terran Infantry Weapons Level 1, Terran Infantry Armor Level 1  
  68  5:32  SCV  
  69  5:36  SCV  
  69  5:38  Marine  
  69  5:41  Siege Tank  
  71  5:42  Barracks  
  71  5:43  Barracks  
  71  5:46  SCV, Marine  
  71  5:47  Marine  
  71  5:48  Orbital Command  
  74  5:50  Marine  
  74  5:56  Marine x2  
  67  6:04  Marine x2  
  67  6:08  Medivac x2, Marine  
  74  6:12  Combat Shield  
  74  6:13  Marine  
  74  6:14  Marine  
  74  6:15  SCV  
  74  6:16  Orbital Command  
  74  6:17  SCV  
  78  6:22  Marine x2  
  80  6:26  Marine  
  80  6:27  SCV  
  80  6:29  SCV  
  80  6:30  Armory  
  80  6:31  Marine  
  80  6:32  Supply Depot, Barracks Reactor x2, Marine  
  85  6:39  SCV  
  86  6:40  Marine x2  
  86  6:41  SCV  
  86  6:43  Supply Depot  
  86  6:44  Marine  
  91  6:49  Marine  
  91  6:50  Marine  
  91  6:53  Medivac, Siege Tank  
  91  6:54  Medivac  
  99  7:01  SCV x3  
  103  7:03  Marine  
  103  7:05  Supply Depot  
  103  7:06  Marine  
  104  7:11  Marine  
  104  7:14  Marine  
  104  7:15  SCV x2  
  108  7:16  Marine x3  
  108  7:19  Marine  
  108  7:21  Marine  
  114  7:23  Terran Infantry Weapons Level 2  
  114  7:25  Siege Tank  
  114  7:26  Refinery  
  114  7:29  Marine x2  
  118  7:32  Marine  
  118  7:34  Marine  
  118  7:36  Marine  
  122  7:37  Marine  
  122  7:38  SCV x3  
  122  7:39  Supply Depot  
  122  7:43  Terran Infantry Armor Level 2  
  125  7:49  Factory  
  125  7:52  SCV x2  
  125  7:54  Supply Depot, Marine  
  125  7:55  SCV  
  125  7:56  Supply Depot, Marine  
  124  7:58  Marine x2  
  124  7:59  Marine x3  
  124  8:05  Marine  
  122  8:06  SCV, Marine  
  122  8:08  Siege Tank  
  122  8:11  SCV  
  122  8:12  SCV, Marine  
  127  8:14  Marine  
  127  8:17  Marine x2  
  127  8:18  SCV, Marine  
  133  8:23  SCV  
  134  8:30  Marine  
  134  8:32  Medivac x2  
  134  8:33  SCV  
  138  8:36  Factory Tech Lab  
  138  8:40  Siege Tank  
  137  8:43  Marine  
  137  8:44  Command Center, Marine  
  137  8:45  Marine  
  137  8:46  Marine x2  
  139  8:49  Marine  
  139  8:51  Marine  
  139  8:53  Marine  
  128  8:56  Siege Tank  
  128  9:00  SCV x2  
  128  9:01  Marine  
  128  9:02  Marine  
  132  9:07  Medivac x2, Marine x2  
  136  9:13  Barracks x2  
  136  9:15  Marine  
  136  9:16  Barracks  
  137  9:17  Supply Depot  
  137  9:20  Marine  
  137  9:23  Siege Tank  
  140  9:25  Marine  
  140  9:26  Marine  
  140  9:28  Siege Tank  
  139  9:32  Marine  
  139  9:34  Marine x2  
  139  9:37  SCV x2, Marine  
  138  9:39  Refinery  
  138  9:40  Marine x2  
  138  9:41  Marine  
  140  9:47  Marine x2  
  140  9:50  Marine  
  140  9:52  Marine x2  
  142  9:55  Siege Tank  
  142  9:58  Marine  
  144  10:00  Terran Infantry Weapons Level 3, Siege Tank  
  144  10:02  Liberator  
  145  10:07  Marine  
  145  10:08  Marine  
  145  10:13  Marine  
  147  10:14  Marine  
  147  10:15  Marine x2  
  147  10:17  Marine  
  128  10:23  Marine x2  
  128  10:24  Marine x2  
  128  10:26  Marine  
  128  10:27  Siege Tank  
  131  10:31  Marine x2  
  131  10:32  Marine  
  131  10:33  SCV  
  132  10:36  Siege Tank  
  132  10:41  Marine  
  132  10:42  Marine x2  
  132  10:45  Terran Infantry Armor Level 3  
  129  10:50  Marine  
  129  10:56  SCV x2, Marine x2  
  134  10:58  Marine x3  
  125  11:04  Marine  
  125  11:07  Marine  
  125  11:08  Marine x2  
  125  11:10  Siege Tank, Marine x2  
  118  11:12  Marine  
  118  11:14  Marine  
  118  11:15  Marine  
  118  11:16  Marine x2  
  118  11:18  SCV  
  113  11:19  SCV  
  113  11:24  Medivac  
  113  11:25  SCV  
  112  11:26  Marine  
  112  11:27  Marine  
  112  11:30  SCV  
  110  11:33  Marine  
  110  11:34  Planetary Fortress  
  110  11:37  SCV  
  110  11:39  SCV  
  112  11:40  Marine  
  112  11:42  Marine  
  112  11:43  Marine  
  115  11:49  Siege Tank, Marine  
  115  11:52  SCV  
  117  11:55  Marine x2  
  117  11:59  Marine x3  
  121  12:04  SCV  
  121  12:07  Siege Tank  
  127  12:12  Marine x4  
  127  12:13  Marine  
  127  12:14  Marine x2  
  132  12:17  Medivac  
  132  12:19  SCV  
  132  12:21  Marine x2  
  134  12:23  Marine x2  
  134  12:29  Marine  
  134  12:30  Marine x2  
  134  12:31  Marine  
  134  12:34  Marine x3  
  134  12:35  Marine  
  130  12:38  Marine  
  130  12:39  Marine  
  130  12:41  Marine  
  118  12:46  SCV  
  89  12:55  Medivac  
  81  13:01  Medivac  
  79  13:07  Marine  
  79  13:10  SCV  
  82  13:12  SCV  
  82  13:16  SCV  
  80  13:21  SCV, Siege Tank  
  80  13:24  SCV  
  80  13:26  SCV  
  84  13:28  SCV  
  84  13:33  Medivac  
  88  13:34  Medivac  
  88  13:36  Marine  
  88  13:41  Siege Tank  
  93  13:42  SCV  
  93  13:43  Marine  
  93  13:46  SCV  
  93  13:48  Marine x2  
  97  13:49  Marine  
  97  13:53  Marine  
  97  13:54  SCV  
  100  13:56  SCV x2  
  100  13:58  Marine  
  103  14:03  Siege Tank  
  103  14:05  SCV  
  103  14:06  SCV  
  108  14:10  SCV  
  108  14:13  Marine  
  108  14:14  Marine  
  112  14:19  Marine x2  
  112  14:22  Marine  
  112  14:23  Marine  
  115  14:26  Marine x2  
  115  14:27  Marine x2  
  119  14:32  Marine x2  
  119  14:34  Marine x2  
  119  14:35  SCV  
Show
View Real Time Build Order
Export as new Build Order

Antis Zerg - Winner!

Build Orders: Hatch First 

Get SALT Encoding   

  12  0:00  Drone  
  13  0:12  Overlord  
  13  0:17  Drone  
  14  0:31  Drone x2  
  16  0:48  Hatchery  
  15  0:51  Drone  
  15  0:55  Drone  
  17  0:58  Drone  
  18  1:08  Extractor  
  17  1:13  Spawning Pool  
  17  1:16  Drone  
  17  1:20  Drone  
  18  1:28  Drone  
  19  1:47  Drone  
  20  1:51  Overlord  
  20  2:00  Queen x2  
  25  2:01  Zergling x4  
  26  2:11  Metabolic Boost, Zergling x2  
  27  2:27  Drone x2  
  29  2:32  Drone  
  30  2:40  Hatchery  
  29  2:46  Drone x2  
  29  2:50  Queen  
  33  2:56  Overlord  
  33  2:59  Drone  
  33  3:03  Drone x2  
  36  3:14  Overlord  
  36  3:19  Drone x2  
  38  3:20  Drone x3  
  41  3:28  Queen  
  41  3:30  Zergling x2  
  44  3:35  Queen  
  44  3:39  Drone x3  
  49  3:46  Drone x3  
  52  3:53  Queen, Overlord  
  54  4:02  Zergling x4  
  56  4:04  Drone x2  
  56  4:05  Overlord  
  58  4:11  Queen  
  58  4:14  Drone x3  
  63  4:18  Overlord  
  63  4:23  Overlord  
  63  4:24  Drone x2  
  63  4:28  Lair  
  65  4:34  Spore Crawler  
  65  4:35  Zergling x4, Spore Crawler  
  65  4:39  Drone  
  65  4:40  Baneling Nest  
  65  4:43  Spore Crawler  
  65  4:44  Drone x2  
  66  4:47  Zergling x2  
  66  4:51  Extractor  
  70  4:52  Drone x4  
  70  4:58  Drone x3  
  73  5:01  Drone x3  
  73  5:03  Overlord  
  76  5:08  Overlord  
  76  5:14  Drone x5  
  81  5:19  Overlord  
  81  5:24  Baneling x4  
  81  5:25  Zergling x8  
  81  5:27  Drone x2  
  87  5:36  Drone  
  87  5:37  Drone x4  
  87  5:40  Extractor  
  87  5:41  Extractor  
  87  5:42  Centrifugal Hooks  
  90  5:47  Baneling  
  90  5:48  Baneling, Queen  
  90  5:49  Overseer  
  91  5:53  Hatchery  
  91  5:55  Queen  
  91  5:56  Queen  
  90  6:00  Drone x5  
  90  6:01  Overlord  
  86  6:12  Drone x6  
  86  6:13  Evolution Chamber  
  86  6:14  Evolution Chamber  
  86  6:17  Zergling x10  
  95  6:23  Overseer  
  95  6:32  Zergling x2  
  96  6:33  Zergling x14  
  102  6:40  Zerg Ground Armor Level 1, Zerg Melee Weapons Level 1  
  102  6:41  Hatchery  
  102  6:45  Hatchery  
  100  7:01  Drone x2  
  100  7:02  Drone x9  
  100  7:04  Baneling  
  100  7:05  Baneling x2  
  111  7:09  Overlord  
  106  7:16  Baneling x5  
  106  7:17  Drone x7  
  113  7:24  Extractor  
  113  7:26  Infestation Pit  
  113  7:27  Zergling x6  
  113  7:28  Zergling x10, Hatchery  
  114  7:37  Zergling x10  
  114  7:38  Zergling x6  
  114  7:40  Spore Crawler  
  121  7:45  Hydralisk Den  
  121  7:47  Drone  
  121  7:48  Drone x2, Zergling x2  
  121  7:49  Zergling x6  
  127  7:53  Baneling x2  
  127  7:54  Baneling x2  
  112  8:06  Hive  
  112  8:12  Zergling x26  
  122  8:13  Zergling x10  
  122  8:19  Baneling  
  125  8:20  Baneling  
  121  8:30  Hydralisk x3  
  121  8:31  Hydralisk  
  121  8:32  Zergling x2  
  121  8:37  Zerg Ground Armor Level 2, Zerg Melee Weapons Level 2  
  118  8:41  Extractor  
  118  8:44  Extractor  
  118  8:46  Hydralisk  
  118  8:47  Zergling x2  
  118  8:48  Zergling x18, Queen x3  
  122  8:49  Queen  
  122  8:53  Drone x2  
  123  9:01  Baneling  
  123  9:02  Baneling x2, Zergling x20  
  131  9:06  Baneling x7  
  131  9:19  Queen  
  131  9:20  Baneling x4  
  131  9:23  Zergling x2  
  131  9:24  Zergling x8  
  132  9:27  Queen  
  127  9:32  Adrenal Glands  
  127  9:37  Lurker Den  
  123  9:41  Baneling x7  
  123  9:44  Zergling x2  
  123  9:45  Zergling x28  
  131  9:46  Zergling x2  
  131  9:51  Hatchery, Overlord  
  131  9:52  Overlord  
  127  10:00  Drone x4  
  131  10:07  Baneling x13  
  122  10:14  Hydralisk, Zergling x2  
  122  10:15  Zergling x26  
  125  10:27  Zergling x12  
  122  10:32  Queen x2  
  115  10:35  Hydralisk  
  115  10:36  Zergling x10  
  115  10:37  Zergling x6  
  121  10:46  Baneling x12  
  121  10:47  Zergling x2  
  121  10:48  Zergling x8  
  126  10:52  Lurker  
  127  11:03  Zergling x24  
  127  11:04  Zergling x2  
  125  11:14  Zergling x2  
  125  11:15  Zergling x14  
  118  11:23  Drone x3  
  112  11:27  Zerg Ground Armor Level 3  
  112  11:30  Zerg Missile Weapons Level 1  
  105  11:34  Baneling  
  105  11:35  Baneling x6  
  105  11:39  Zergling x2  
  105  11:40  Zergling x20  
  105  11:41  Zergling x2  
  105  11:46  Baneling x3  
  116  11:54  Zergling x2  
  116  11:55  Zergling x24  
  116  12:00  Baneling  
  116  12:01  Baneling x7  
  128  12:09  Zergling x2  
  128  12:10  Zergling x20  
  128  12:12  Overlord x2  
  129  12:35  Zergling x2  
  129  12:36  Zergling x34  
  140  12:43  Zergling x2  
  124  12:44  Zergling x10  
  117  12:52  Extractor  
  117  12:53  Extractor  
  117  12:54  Hydralisk x3, Baneling x8  
  117  12:55  Zergling x2  
  118  13:01  Baneling x8  
  118  13:04  Baneling x4  
  115  13:32  Hatchery  
  115  13:33  Zergling x24  
  115  13:34  Zergling x4  
  128  13:36  Lurker  
  128  13:58  Hydralisk x3  
  128  13:59  Zergling x30  
  128  14:00  Baneling  
  128  14:01  Baneling x3  
  148  14:11  Overlord  
  148  14:12  Overlord  
  148  14:14  Overlord  
Tags
 
Add a new tag
Caveats
  • Supply blocks, unpowered buildings, or Contaminate may cause inaccurate times.
  • Supply counts are checked every 10 seconds.